 Dungeon Crawl Stone Soup version 0.32-a0-18-g89e19f1974 (webtiles) character file.

Game seed: 7443189401775919145

2439 Xavori the Trooper (level 9, -2/66 HPs)
             Began as a Djinni Chaos Knight on Jan 16, 2024.
             Was a Plaything of Xom.
             Slain by a water moccasin (5 damage)
             ... on level 6 of the Dungeon.
             The game lasted 00:07:10 (18454 turns).

Xavori the Trooper (Djinni Chaos Knight)           Turns: 18454, Time: 00:07:11

Health: -2/66      AC:  6    Str: 11    XL:     9   Next: 78%
Gold:   379        EV: 19    Int: 13    God:    Xom [....*.] SH:  7 Dex: 18

rFire   + + +        E - +2 falchion (holy)
rCold   . . .        h - +1 buckler
rNeg    . . .        b - +2 leather armour
rPois   ∞            (helmet restricted)
rElec   +            s - scarf {rC+ rF+}
rCorr   .            m - +0 pair of gloves
SInv    .            (boots unavailable)
Will    +....        (no amulet)
Stlth   +            n - +5 ring of evasion
HPRegen 0.31/turn    (no ring)
MPRegen 0.00/turn

%: clarity, infuse magic (-3 HP)
@: mighty, flying, very slightly contaminated
A: sickness immunity, fire resistance 2, cold vulnerability 1, float, innate
caster, HP casting, extra vitality 1, antennae 1, clarity, strong-willed 1,
electricity resistance
a: Renounce Religion


You were on level 6 of the Dungeon.
You worshipped Xom.
You were a beloved toy of Xom.
You visited 1 branch of the dungeon, and saw 6 of its levels.
You also visited: Sewer.

You collected 379 gold pieces.

Inventory:

Hand Weapons
 a - a +0 falchion of chaos
 E - a +2 falchion of holy wrath (weapon)
Armour
 b - a +2 leather armour (worn)
 h - a +1 buckler (worn)
 l - a +0 cloak
 m - a +0 pair of gloves (worn)
 s - a scarf of resistance (worn)
Jewellery
 n - a +5 ring of evasion (left hand)
Scrolls
 c - a scroll of butterflies
 d - a scroll of silence
 f - a scroll of enchant armour
 g - 4 scrolls of teleportation
 i - a scroll of poison
 j - a scroll of fog
 q - a scroll of vulnerability {unknown}
 r - 5 scrolls of enchant weapon
 t - a scroll of blinking {unknown}
 w - a scroll of amnesia {unknown}
 x - a scroll of noise {unknown}
 y - 2 scrolls of immolation
 z - a scroll of revelation {unknown}
 C - 2 scrolls of identify
Potions
 e - 2 potions of heal wounds {unknown}
 k - a potion of invisibility
 o - a potion of magic
 p - a potion of brilliance {unknown}
 u - a potion of might
 A - a potion of enlightenment {unknown}
 B - a potion of cancellation {unknown}
 D - a potion of berserk rage {unknown}


   Skills:
 + Level 5.7 Fighting
 + Level 5.1 Long Blades
 + Level 4.8 Armour
 + Level 5.7 Dodging
 + Level 4.5 Shields
 * Level 4.5 Spellcasting
 * Level 4.5 Conjurations
 * Level 4.5 Hexes
   Level 0.0 Charms
 * Level 4.5 Summonings
 * Level 4.5 Necromancy
 * Level 4.5 Translocations
   Level 0.0 Transmutations
 * Level 4.5 Fire Magic
 * Level 4.5 Ice Magic
 * Level 4.5 Air Magic
 * Level 4.5 Earth Magic
 * Level 4.5 Alchemy


You knew the following spells:

 Your Spells              Type           Power      Damage    Failure   Level
a - Sting                 Conj/Alch      56%        1d6       5%          1
b - Lesser Beckoning      Tloc           28%        N/A       9%          2
c - Confusing Touch       Hex            14%        N/A       16%         3
d - Petrify               Alch/Erth      14%        N/A       47%         4
Your spell library was empty.

Dungeon Overview and Level Annotations

Branches:
Dungeon (6/15)             Temple (0/1) D:4           Sewer (visited)

Altars:
Elyvilon
Makhleb
Okawaru
Uskayaw
Zin
The Shining One

Shops:
D:2 :   D:5 *

Annotations:
D:3 1 runed translucent door, Crazy Yiuf


Innate Abilities, Weirdness & Mutations

You are immune to sickness and miasma.
You are immune to poison.
Your flesh is very heat resistant. (rF++)
You are vulnerable to cold. (rC-)
You float through the air rather than walking.
You learn spells naturally, not from books.
Your magical power is your life essence.
You have superior vitality. (+4 MHP)
You have a pair of small antennae on your head.
You possess an exceptional clarity of mind.
You are strong-willed. (Will+)
You are resistant to electric shocks. (rElec)


Message History

a +0 giant club; an ogre corpse You aren't carrying any items that you can evoke.
Unknown command.
Okay, then.
Casting: Confusing Touch (dangerous; 16% risk of failure)
Confirm with . or Enter, or press ? or * to list all spells.
You miscast Confusing Touch.
You are very lightly contaminated with residual magic.
You feel a strange surge of energy.
You feel yourself slow down.
* * * LOW HITPOINT WARNING * * *
You block the water moccasin's attack.
Casting: Confusing Touch (dangerous; 16% risk of failure)
Confirm with . or Enter, or press ? or * to list all spells.
You miscast Confusing Touch.
Nothing appears to happen.
* * * LOW HITPOINT WARNING * * *
The water moccasin bites you.
* * * LOW HITPOINT WARNING * * *
The water moccasin barely misses you.
Unknown command.
You feel better. The water moccasin barely misses you.
The water moccasin bites you.
* * * LOW HITPOINT WARNING * * *
It was a potion of might.
You feel very mighty all of a sudden.
You feel yourself speed up. The water moccasin closely misses you.
You block the water moccasin's attack.
You slash the water moccasin!
The water moccasin is heavily wounded.
The water moccasin misses you. The water moccasin bites you.
* * * LOW HITPOINT WARNING * * *
You barely miss the water moccasin.
The water moccasin is heavily wounded.
The water moccasin misses you.
You hit the water moccasin.
The water moccasin is heavily wounded.
The water moccasin barely misses you. The water moccasin misses you.
You closely miss the water moccasin.
The water moccasin is heavily wounded.
The water moccasin bites you.
You die...
Xom thinks this is hilarious!

#..###.#
#.#.######...... o
.....# #.#.# #..####
#.###..###.#.# #..# oo
#......÷.#.#.######..#
o
#####..#.............#
#...###...........#
#.#.# ###.######.##
∆#.#<#####.# #.#
#.#hS@....# #.# M
##.######### #.# #...#
#.# ##)## #.# ##...#
#.# # #..#..# #.# #
##...## #.# # .#.#.#
#.##### .. ....#
#......


You could see a water moccasin and a howler monkey.

Vanquished Creatures
  A kobold demonologist (D:5)
  A steam dragon (D:5)
  Edmund (D:4)
  A water moccasin (D:6)
  4 black bears
  An ice beast (D:5)
  2 ogres
  A centaur (D:6)
  4 kobold brigands
  A bullfrog (D:6)
  3 scorpions
  A howler monkey (D:6)
  A bombardier beetle (D:4)
  2 hounds (D:5)
  An orc priest (D:5)
  2 iguanas
  2 gnolls (D:5)
  12 adders
  2 river rats (Sewer)
  2 shadow imps
  4 ribbon worms
  2 dart slugs
  12 orcs
  9 ball pythons
  8 bats
  11 endoplasms
  A giant cockroach (D:4)
  9 goblins
  4 hobgoblins
  16 kobolds
  2 quokkas
  9 rats
132 creatures vanquished.

Vanquished Creatures (collateral kills)
  A water moccasin (D:5)
  A gnoll (D:5)
  An endoplasm (Sewer)
  A kobold (Sewer)
4 creatures vanquished.

Grand Total: 136 creatures vanquished

Notes
Turn   | Place    | Note
-------+----------+-------------------------------------------
     0 | D:1      | Xavori the Djinni Chaos Knight began the quest for the Orb.
     0 | D:1      | Reached XP level 1. HP: 20/20 MP: 0/0
    79 | D:1      | Reached XP level 2. HP: 22/25 MP: 0/0
   261 | D:1      | XOM: divination: detect creatures
   426 | D:1      | Reached XP level 3. HP: 29/30 MP: 0/0
   426 | D:1      | Learned a level 1 spell: Sting
   476 | D:1      | Reached skill level 1 in Spellcasting
   476 | D:1      | Reached skill level 1 in Conjurations
   476 | D:1      | Reached skill level 1 in Hexes
   476 | D:1      | Reached skill level 1 in Summonings
   476 | D:1      | Reached skill level 1 in Necromancy
   476 | D:1      | Reached skill level 1 in Translocations
   476 | D:1      | Reached skill level 1 in Fire Magic
   476 | D:1      | Reached skill level 1 in Ice Magic
   476 | D:1      | Reached skill level 1 in Air Magic
   476 | D:1      | Reached skill level 1 in Earth Magic
   476 | D:1      | Reached skill level 1 in Alchemy
   970 | D:1      | XOM: noise
   974 | D:1      | XOM: silly message
  1000 | D:1      | XOM: cloud trail
  1224 | D:1      | XOM: god gift: scroll labelled ETATAI HECENT {god gift}
  1636 | D:1      | XOM: cloud trail
  1756 | D:1      | XOM: cloud trail
  1880 | D:1      | XOM: 2-stop teleportation journey
  2064 | D:1      | XOM: god gift: 48 gold pieces
  3184 | D:1      | XOM: summons 2 hostile demons
  3857 | D:1      | XOM: cloud trail
  4116 | D:1      | XOM is BORED!
  4770 | D:1      | XOM: god gift: 6 gold pieces
  5774 | D:1      | XOM: noise
  5806 | D:1      | XOM: give mutation
  5806 | D:1      | Gained mutation: You are occasionally teleported next to
                  | monsters. [Xom's mischief]
  6139 | D:1      | XOM: silly message
  7560 | D:1      | XOM: stat loss: -1 Int (12/13)
  8888 | D:1      | XOM: noise
  9207 | D:2      | Found Ereusa Kezov's Vocational Training.
  9282 | D:2      | Reached XP level 4. HP: 35/35 MP: 0/0
  9415 | D:2      | XOM: god gift: 29 gold pieces
  9819 | D:3      | Found a glowing drain.
  9839 | Sewer    | Entered a sewer
  9859 | Sewer    | Noticed a kobold brigand
  9860 | Sewer    | XOM: summons 4 friendly demons
  9874 | Sewer    | Killed a kobold brigand
  9875 | Sewer    | Reached skill level 1 in Shields
  9875 | Sewer    | Reached XP level 5. HP: 17/40 MP: 0/0
  9875 | Sewer    | Learned a level 2 spell: Lesser Beckoning
  9882 | Sewer    | XOM: give mutation
  9882 | Sewer    | Gained mutation: You sometimes lose your temper in combat.
                  | [Xom's mischief]
 10006 | Sewer    | Noticed a kobold brigand
 10006 | Sewer    | XOM: confusion
 10023 | Sewer    | Killed a kobold brigand
 10024 | Sewer    | Reached XP level 6. HP: 47/47 MP: 0/0
 10045 | Sewer    | XOM: give mutation
 10045 | Sewer    | Gained mutation: You have a pair of small antennae on your
                  | head. [Xom's mischief]
 10570 | D:3      | XOM: scenery: summon butterflies
 10777 | D:3      | Found a runed translucent door.
 10778 | D:3      | Noticed Crazy Yiuf
 10809 | D:3      | Reached XP level 7. HP: 50/51 MP: 0/0
 10809 | D:3      | Learned a level 3 spell: Confusing Touch
 11118 | D:4      | XOM: stealth player
 11817 | D:3      | XOM: torment (27/51 hp)
 12479 | D:3      | XOM: give mutation
 12479 | D:3      | Lost mutation: You are occasionally teleported next to
                  | monsters. [Xom's mischief]
 12830 | D:3      | XOM: divination: magic mapping
 13090 | D:3      | XOM: god gift: scroll labelled UMUOBL SOMAGE {god gift}
 13357 | D:3      | XOM: silly message
 13404 | D:3      | XOM: give mutations
 13404 | D:3      | Gained mutation: You have an uncontrollable temper. [Xom's
                  | mischief]
 13404 | D:3      | Lost mutation: You have a pair of small antennae on your
                  | head. [Xom's mischief]
 13404 | D:3      | Lost mutation: You have an uncontrollable temper. [Xom's
                  | mischief]
 13404 | D:3      | Lost mutation: You sometimes lose your temper in combat.
                  | [Xom's mischief]
 13638 | D:3      | XOM: stat loss: -1 Str (10/11)
 14903 | D:3      | XOM is BORED!
 14903 | D:3      | XOM: summons 4 hostile demons
 14987 | D:4      | Found a burning altar of Makhleb.
 15045 | D:3      | XOM: god gift: 3 atropa-tipped darts
 15402 | D:3      | XOM: give mutations
 15402 | D:3      | Gained mutation: You possess an exceptional clarity of
                  | mind. [Xom's grace]
 15402 | D:3      | Gained mutation: You have a pair of small antennae on your
                  | head. [Xom's grace]
 15603 | D:3      | XOM: god gift: 46 gold pieces
 15644 | D:4      | Found a white marble altar of Elyvilon.
 15668 | D:4      | XOM: god gift: pair of glowing boots {god gift}
 15771 | D:4      | Found the +4 robe of Augmentation {Str+4 Int+4 Dex+4}
 15794 | D:4      | Found a staircase to the Ecumenical Temple.
 15926 | D:4      | XOM: smoke on damage
 16034 | D:4      | XOM: give mutation
 16034 | D:4      | Gained mutation: You are resistant to electric shocks.
                  | (rElec) [Xom's grace]
 16050 | D:4      | Found an iron altar of Okawaru.
 16073 | D:4      | Noticed Edmund
 16080 | D:4      | Killed Edmund
 16081 | D:4      | Reached XP level 8. HP: 34/58 MP: 0/0
 16464 | D:5      | Entered Level 5 of the Dungeon
 16541 | D:5      | XOM: 1-stop teleportation journey
 16562 | D:5      | Found a hide-covered altar of Uskayaw.
 16572 | D:5      | XOM: scenery: 1 doors open
 16615 | D:5      | XOM: noise
 16898 | D:5      | Found a glowing silver altar of Zin.
 16899 | D:5      | Found Zin's Purification Station.
 16998 | D:5      | XOM: give mutation
 16998 | D:5      | Gained mutation: You are strong-willed. (Will+) [Xom's
                  | grace]
 17019 | D:5      | XOM: god gift: scroll of enchant weapon
 17118 | D:5      | XOM: 1-stop teleportation journey
 17237 | D:5      | XOM: cast spell 'Cause Fear'
 17255 | D:5      | XOM: enchant monster (good)
 17530 | D:5      | XOM: silly message
 17619 | D:5      | Found a glowing golden altar of the Shining One.
 17712 | D:5      | XOM: noise
 17881 | D:6      | Reached skill level 5 in Fighting
 17881 | D:6      | Reached XP level 9. HP: 60/65 MP: 0/0
 17881 | D:6      | Learned a level 4 spell: Petrify
 17943 | D:6      | XOM: smoke on damage
 17947 | D:6      | Reached skill level 5 in Dodging
 17947 | D:6      | XOM: silly message
 17949 | D:6      | XOM: divination: detect creatures
 18142 | D:6      | Noticed a kobold demonologist
 18147 | D:6      | XOM: enchant monster (bad)
 18148 | D:5      | XOM: summons friendly crimson imp
 18153 | D:5      | Noticed an ice devil
 18160 | D:5      | XOM: divination: detect items
 18169 | D:5      | Killed a kobold demonologist
 18170 | D:5      | Reached skill level 5 in Long Blades
 18280 | D:6      | XOM: silly message
 18288 | D:6      | XOM: divination: detect items
 18440 | D:6      | HP: 3/65 [ogre/+0 giant club (6)]
 18445 | D:6      | XOM: divination: detect creatures
 18448 | D:6      | HP: 3/66 [water moccasin (2)]
 18454 | D:6      | Slain by a water moccasin

Illustrated notes

Levels and vault maps discovered:
D:1:      tarquinn_simple_flora_water_a, layout_loops_ring
D:2:      layout_rooms, st_stairs_9, nicolae_shop_vocational
D:3:      layout_loops_ring, led_sif_pool, cheibrodos_sewer_entry_sluice,
          uniq_crazy_yiuf_cottage
D:4:      layout_loops_ring, elyvilon_altar_1, okawaru_trees_2,
          old_standard_altar, minmay_temple_entry_tees, uniq_edmund
D:5:      layout_basic, zin_purify, nicolae_tso_swordbearing_angel,
          mainiacjoe_overflow_chevrons
D:6:      minmay_spotlight, layout_loops_ring,
          mainiacjoe_overflow_cross_hatched, uniq_jeremiah, uniq_menkaure

Skill      XL: |  1  2  3  4  5  6  7  8  9 |
---------------+----------------------------+-----
Spellcasting   | 1 2 3 4 |  4.5
Conjurations   | 1 2 3 4 |  4.5
Hexes          | 1 2 3 4 |  4.5
Summonings     | 1 2 3 4 |  4.5
Necromancy     | 1 2 3 4 |  4.5
Translocations | 1 2 3 4 |  4.5
Fire Magic     | 1 2 3 4 |  4.5
Ice Magic      | 1 2 3 4 |  4.5
Air Magic      | 1 2 3 4 |  4.5
Earth Magic    | 1 2 3 4 |  4.5
Alchemy        | 1 2 3 4 |  4.5
Long Blades    | 3 4 5 |  5.1
Armour         | 2 3 4 |  4.8
Dodging        | 3 4 5 |  5.7
Shields        | 1 2 3 4 |  4.5
Fighting       | 4 5 |  5.7

Action                     |  1- 3 |  4- 6 |  7- 9 || total
---------------------------+-------+-------+-------++-------
  Melee: Falchion          |    96 |   133 |   340 ||   569
   Cast: Confusing Touch   |       |       |     2 ||     2
    Use: Scroll            |     2 |       |     6 ||     8
         Potion            |       |       |     5 ||     5
   Stab: Distracted        |       |     1 |       ||     1
         Petrified         |       |       |     8 ||     8
         Petrifying        |       |       |     2 ||     2
         Invisible         |       |       |     4 ||     4
         Confused          |       |       |     1 ||     1
         Paralysed         |       |       |     1 ||     1
         Sleeping          |       |       |     1 ||     1
 Armour: Leather armour    |    51 |    39 |   207 ||   297
  Dodge: Dodged            |    68 |    78 |   351 ||   497
  Block: Buckler           |    15 |    19 |   158 ||   192

Table legend: (Time is in decaauts)
 A = Elapsed time spent in this place.
 B = Non-inter-level travel time spent in this place.
 C = Inter-level travel time spent in this place.
 D = Time resting spent in this place.
 E = Time spent auto-exploring this place.
 F = Levels seen in this place.
 G = Mean time per level.
                   A        B        C        D        E       F      G
               +--------+--------+--------+--------+--------+-----+--------+
         Total |  18587 |  18364 |    223 |  12977 |   4070 |   7 | 2655.3 |
       Dungeon |  17808 |  17585 |    223 |  12900 |   3591 |   6 | 2968.0 |
         Sewer |    779 |    779 |      0 |     77 |    479 |   1 |  779.0 |
               +--------+--------+--------+--------+--------+-----+--------+

Top non-repeatable levels by time:
     D:1: 8786 daAuts
     D:3: 5215 daAuts
     D:5: 1568 daAuts
     D:4: 970 daAuts
     D:2: 813 daAuts
   Sewer: 779 daAuts
     D:6: 455 daAuts
